 Dungeon Crawl Stone Soup version 0.30.0-29-ga12c61a403 (webtiles) character file.

Game seed: 18135522956030940209

112 qw the Chopper (level 4, -5/28 HPs)
             Began as a Gargoyle Fighter on June 5, 2023.
             Slain by an ogre
             ... wielding a +0 giant club
              (9 damage)
             ... on level 4 of the Dungeon.
             The game lasted 00:00:59 (2118 turns).

qw the Chopper (Gargoyle Fighter)                   Turns: 2118, Time: 00:01:00

Health: -5/28      AC: 15    Str: 22    XL:     4   Next: 93%
Magic:  4/4        EV:  8    Int:  8    God:
Gold:   146        SH:  6    Dex:  9    Spells: 3/3 levels left

rFire   . . .        Y - +2 war axe (elec)
rCold   . . .        l - +2 buckler
rNeg    + . .        k - +0 chain mail
rPois   inf          (no helmet)
rElec   +            e - +0 cloak
rCorr   .            (no gloves)
SInv    .            h - +0 pair of boots
Will    .....        (no amulet) Stlth
                     (no ring)
HPRegen 0.24/turn    (no ring)
MPRegen 0.09/turn

%: no passive effects
@: about to teleport
A: sickness immunity, AC +3, negative energy resistance 1, electricity
resistance, torment resistance 1, petrification resistance
a: no special abilities


You were on level 4 of the Dungeon.
You visited 1 branch of the dungeon, and saw 4 of its levels.

You collected 146 gold pieces.


Innate Abilities, Weirdness & Mutations

You are immune to sickness and miasma.
Your stone body is resilient. (AC +3)
You are immune to poison.
You resist negative energy. (rN+)
You are resistant to electric shocks. (rElec)
You are resistant to unholy torment.
You are immune to petrification.


   Skills:
 - Level 3.2 Fighting
 + Level 4.5 Axes
 - Level 3.2 Armour
 - Level 3.2 Shields


You had 3 spell levels left.
You didn't know any spells.
Your spell library was empty.

Inventory:

Hand Weapons
 q - a +2 mace of protection
 Y - a +2 war axe of electrocution (weapon)
Armour
 e - a +0 cloak (worn)
 h - a +0 pair of boots (worn)
 k - a +0 chain mail (worn)
 l - a +2 buckler (worn)
Potions
 d - a potion of might
 f - 2 potions of curing
 g - a potion of heal wounds {unknown}
 i - a potion of brilliance {unknown}
 j - a potion of attraction {unknown}
 o - a potion of invisibility {unknown}

Dungeon Overview and Level Annotations

Branches:
Dungeon (4/15)             Temple (0/1) D:4

Altars:


Message History

You kill the giant cockroach!
You start resting.
HP restored.
You see here an iguana corpse.
p - 2 fizzy blue potions (gained 1)
Found a staircase to the Ecumenical Temple.
2003 ||| PLANNING TEMPLE
2003 ||| DRINKING 2 fizzy blue potions.
It was a potion of berserk rage.
A red film seems to cover your vision as you go berserk!
You feel yourself moving faster!
You feel mighty!
You start waiting.
You feel a strong urge to attack something.
You feel your anger nearly subside.
You are no longer berserk.
You are exhausted.
You feel yourself slow down.
HP restored.
You start waiting.
You feel yourself speed up.
You recover from your berserk rage.
Done waiting.
2108 ||| DROPPING potion of berserk rage.
You drop a potion of berserk rage.
(D) Dungeon (T) Temple
Where to? (* - list waypoints, Enter - D:4, ? - help)
Found a scroll of identify.
An ogre comes into view. It is wielding a +0 giant club.
The ogre shouts!
The ogre moves out of view.
(D) Dungeon (T) Temple
Where to? (* - list waypoints, Enter - Temple, ? - help)
You barely miss the ogre. The ogre hits you with a +0 giant club!
Ouch! That really hurt!
You barely miss the ogre. The ogre hits you with a +0 giant club!
2118 ||| READING scroll of teleportation.
As you read the scroll of teleportation, it crumbles to dust.
You feel strangely unstable. The ogre hits you with a +0 giant club!
You die...

#.#.##.##.# #. # #.
#.#.......# #.
##?#.####.#.##.####
#. ..............# #.
.# ..#....%..#..# #.
#..# #......%###.# .
#....#..#.....#..#
.#....##..##....####
....>..@..##.........
.##...O#...!.#.######
#..#....#.####.# .
#.#..#.# .# #...##..#
.# ..... ..## .#
####....# .# #.###


You could see an ogre.

Vanquished Creatures
  An iguana (D:4)
  Terence (D:3)
  An adder (D:3)
  A worm (D:2)
  A dart slug (D:3)
  An orc (D:3)
  3 ball pythons
  5 endoplasms
  4 giant cockroaches
  4 goblins
  3 hobgoblins
  2 kobolds
  A quokka (D:1)
  7 bats
  2 frilled lizards
  7 rats
44 creatures vanquished.

Notes
Turn   | Place    | Note
-------+----------+-------------------------------------------
     0 | D:1      | qw the Gargoyle Fighter began the quest for the Orb.
     0 | D:1      | Reached XP level 1. HP: 14/14 MP: 1/1
     0 | D:1      | 0 ||| qw: Version: 0.2-a-108-gee2c290
     0 | D:1      | 0 ||| qw: Game counter: 1405
     0 | D:1      | 0 ||| qw: Always use a shield: true
     0 | D:1      | 0 ||| qw: God list: Okawaru
     0 | D:1      | 0 ||| qw: Allow faded altars: false
     0 | D:1      | 0 ||| qw: Do Orc after D:15 true
     0 | D:1      | 0 ||| qw: Do second Lair branch before Depths: true
     0 | D:1      | 0 ||| qw: Lair rune preference: random
     0 | D:1      | 0 ||| qw: Plans: Normal, Zot:1-4, Slime:5, God:TSO, Crypt,
                  | Tomb, Abyss, Pan, Hells, Win
     0 | D:1      | 0 ||| PLANNING D:1-11
    55 | D:1      | Reached skill level 2 in Axes
   177 | D:1      | Reached XP level 2. HP: 19/19 MP: 2/2
   614 | D:1      | Reached skill level 3 in Axes
   676 | D:1      | Reached XP level 3. HP: 23/23 MP: 3/3
   754 | D:1      | 754 ||| DROPPING orb of mayhem.
   755 | D:1      | 755 ||| UPGRADING to +0 pair of boots.
   760 | D:1      | 760 ||| READING scroll labelled YCVOBAI IMEDD.
   761 | D:1      | 761 ||| READING scroll labelled YTHRAM CAGYILL.
   833 | D:2      | 833 ||| Stepping ~*~*~tactically~*~*~ (stealth).
   957 | D:2      | 957 ||| DROPPING +0 club.
  1012 | D:2      | Found a faded altar of an unknown god.
  1163 | D:2      | 1163 ||| UPGRADING to +2 buckler.
  1173 | D:2      | 1173 ||| DROPPING +0 buckler.
  1174 | D:2      | 1174 ||| DROPPING +3 leather armour.
  1175 | D:2      | 1175 ||| READING scroll labelled MYDUSSUERR.
  1178 | D:2      | 1178 ||| READING scroll labelled HAVOZIS CELE.
  1179 | D:2      | 1179 ||| DRINKING 2 glowing amethyst potions.
  1245 | D:3      | 1245 ||| SWAPPING to +2 war axe of electrocution.
  1246 | D:3      | 1246 ||| DROPPING +0 war axe.
  1730 | D:3      | Noticed Terence
  1733 | D:3      | 1733 ||| Stepping ~*~*~tactically~*~*~ (stealth).
  1734 | D:3      | 1734 ||| Stepping ~*~*~tactically~*~*~ (stealth).
  1741 | D:3      | Killed Terence
  1742 | D:3      | Reached skill level 4 in Axes
  1742 | D:3      | Reached XP level 4. HP: 23/28 MP: 4/4
  1766 | D:3      | 1766 ||| DROPPING +0 whip.
  1897 | D:3      | 1897 ||| UPGRADING to +0 cloak.
  1902 | D:3      | 1902 ||| UPGRADING to +0 chain mail.
  1912 | D:3      | 1912 ||| DROPPING +0 scale mail.
  1913 | D:3      | 1913 ||| DROPPING ring of magical power.
  1914 | D:3      | 1914 ||| READING scroll labelled BESILESEIW.
  2002 | D:4      | Found a staircase to the Ecumenical Temple.
  2003 | D:4      | 2003 ||| PLANNING TEMPLE
  2003 | D:4      | 2003 ||| DRINKING 2 fizzy blue potions.
  2108 | D:4      | 2108 ||| DROPPING potion of berserk rage.
  2111 | D:4      | Noticed an ogre
  2117 | D:4      | HP: 4/28 [ogre/+0 giant club (7)]
  2118 | D:4      | 2118 ||| READING scroll of teleportation.
  2118 | D:4      | Slain by an ogre

Levels and vault maps discovered:
D:1:      minmay_arrival_cross, layout_basic
D:2:      layout_basic, ebering_ecumenical_altar_mist
D:3:      layout_basic, uniq_terence
D:4:      layout_loops_ring, minmay_temple_entry_mini_moons

Skill      XL: |  1  2  3 |
---------------+----------+-----
Axes           | 2 3 4 |  4.5
Fighting       | |  3.2
Armour         | |  3.2
Shields        | |  3.2

Action                     |  1- 3 |  4- 6 || total
---------------------------+-------+-------++-------
  Melee: War axe           |   115 |    10 ||   125
    Use: Scroll            |     4 |     2 ||     6
         Potion            |     1 |     1 ||     2
 Armour: Scale mail        |    53 |       ||    53
         Chain mail        |       |     4 ||     4
  Dodge: Dodged            |    47 |     3 ||    50
  Block: Buckler           |    26 |       ||    26

Table legend:
 A = Non-vault XP
 B = Vault XP
 C = Vault XP percentage of total XP
 D = Non-vault monster count
 E = Vault monster count
 F = Vault count percentage of total count
                 A         B        C        D         E       F
            +---------+---------+-------+---------+---------+-------
      Total |     124 |      36 |  22.5 |      43 |       1 |   2.3
            +---------+---------+-------+---------+---------+-------
        D:1 |      35 |       0 |   0.0 |      21 |       0 |   0.0
        D:2 |      20 |       0 |   0.0 |      13 |       0 |   0.0
        D:3 |      27 |      36 |  57.1 |       7 |       1 |  12.5
        D:4 |      42 |       0 |   0.0 |       2 |       0 |   0.0
            +---------+---------+-------+---------+---------+-------
